 Dungeon Crawl Stone Soup version 0.29.0-4-gdea44cf6ec (webtiles) character file.

Game seed: 4905857045984022235

39 qw the Sneak (level 3, 0/23 HPs)
             Began as a Gargoyle Delver on Sept 10, 2022.
             Frozen to death by an endoplasm (4 damage)
             ... on level 3 of the Dungeon.
             The game lasted 00:00:19 (566 turns).

qw the Sneak (Gargoyle Delver)                       Turns: 566, Time: 00:00:19

Health: 0/23       AC:  6    Str: 17    XL:     3   Next: 45%
Magic:  3/3        EV: 11    Int: 10    God:
Gold:   23         SH:  0    Dex: 11    Spells: 2/2 levels left

rFire   . . .      SeeInvis .   a - +0 hand axe
rCold   . . .      Faith    .   (no shield)
rNeg    + . .      Spirit   .   b - +0 leather armour
rPois   inf        Reflect  .   (no helmet)
rElec   +          Harm     .   (no cloak)
rCorr   .          Rampage  .   (no gloves)
Will    .....                   (no boots)
Stlth   +++.......              (no amulet)
HPRegen 0.07/turn               (no ring)
MPRegen 0.08/turn               (no ring)

@: no status effects
A: sickness immunity, AC +3, negative energy resistance 1, electricity
resistance, torment resistance 1, petrification resistance
a: no special abilities


You were on level 3 of the Dungeon.
You visited 1 branch of the dungeon, and saw 3 of its levels.

You collected 23 gold pieces.


Innate Abilities, Weirdness & Mutations

You are immune to sickness and miasma.
Your stone body is resilient. (AC +3)
You are immune to poison.
You resist negative energy. (rN+)
You are resistant to electric shocks. (rElec)
You are resistant to unholy torment.
You are immune to petrification.


   Skills:
 - Level 3.2 Fighting
 + Level 3.4 Axes
 - Level 1.5 Dodging
 - Level 5.4 Stealth


You had 2 spell levels left.
You didn't know any spells.
Your spell library was empty.

Inventory:

Hand Weapons
 a - a +0 hand axe (weapon)
 e - a +0 club
Armour
 b - a +0 leather armour (worn)
Wands
 g - a wand of digging (3)
Scrolls
 c - a scroll of identify {unknown}
 d - a scroll of poison {unknown}
 h - a scroll of blinking {unknown}
Potions
 f - 2 potions of haste

Dungeon Overview and Level Annotations

Branches:
Dungeon (5/15)
 Temple: D:4-7

Altars:


Message History

The goblin barely misses you.
You hit the goblin.
The goblin is severely wounded.
The goblin hits you but does no damage.
You hit the goblin.
You kill the goblin!
You barely miss the hobgoblin. The hobgoblin barely misses you.
You closely miss the hobgoblin. The hobgoblin closely misses you.
The hobgoblin misses you.
You hit the hobgoblin.
You kill the hobgoblin!
The goblin throws a poisoned dart.
The poisoned dart hits you!
You miss the goblin. The goblin hits you with a +0 dagger.
You closely miss the goblin. The goblin barely misses you.
You hit the goblin.
The goblin is moderately wounded.
The goblin hits you with a +0 dagger.
You closely miss the goblin.
The goblin is moderately wounded.
The goblin hits you with a +0 dagger.
You closely miss the goblin.
The goblin is moderately wounded.
The goblin hits you but does no damage.
You slash the goblin!
You kill the goblin!
You start resting.
An endoplasm comes into view.
You start resting.
An endoplasm is nearby!
The endoplasm quivers.
The endoplasm jiggles.
You barely miss the endoplasm. The endoplasm freezes you.
You are frozen.
The endoplasm freezes you.
You are frozen.
You die...

# #.###.#.#####.# #
#..........##.# #
#######.##.##.# ###
#.##.##.# ..# #.......#
#.# ###...### #.# #...#
#.# #...######.###
#.####### #....)@J......
#.......###....####.##.#
#.####.............
>.##......)........
..##)#..%..........
..##.##.#.#.....##.
#.......#.#.........
.....####.......#....
###### #.......#.#


You could see an endoplasm.

Vanquished Creatures
  Robin (D:3)
  An adder (D:3)
  2 ball pythons (D:3)
  8 goblins (D:3)
  4 hobgoblins
  A quokka (D:4)
  A frilled lizard (D:3)
18 creatures vanquished.

Notes
Turn   | Place    | Note
-------+----------+-------------------------------------------
     0 | D:5      | qw the Gargoyle Delver began the quest for the Orb.
     0 | D:5      | Reached XP level 1. HP: 14/14 MP: 1/1
     0 | D:5      | 0 ||| qw: Version: 0.1-a-116-g5d60599
     0 | D:5      | 0 ||| qw: Game counter: 7979
     0 | D:5      | 0 ||| qw: Always use a shield: true
     0 | D:5      | 0 ||| qw: God list: Okawaru
     0 | D:5      | 0 ||| qw: Allow faded altars: false
     0 | D:5      | 0 ||| qw: Do Orc after D:15 true
     0 | D:5      | 0 ||| qw: Do second Lair branch before Depths: true
     0 | D:5      | 0 ||| qw: Lair rune preference: random
     0 | D:5      | 0 ||| qw: Plans: Normal
     0 | D:5      | 0 ||| PLANNING D:1-11
     0 | D:5      | 0 ||| DROPPING scroll of fog.
     1 | D:5      | 1 ||| DROPPING scroll of magic mapping.
     2 | D:5      | 2 ||| DROPPING scroll of fear.
    54 | D:3      | Reached XP level 2. HP: 18/19 MP: 2/2
   134 | D:3      | 134 ||| Stepping ~*~*~tactically~*~*~ (stealth).
   135 | D:3      | 135 ||| Stepping ~*~*~tactically~*~*~ (stealth).
   141 | D:3      | 141 ||| Stepping ~*~*~tactically~*~*~ (stealth).
   151 | D:3      | 151 ||| Stepping ~*~*~tactically~*~*~ (stealth).
   154 | D:3      | 154 ||| Stepping ~*~*~tactically~*~*~ (stealth).
   157 | D:3      | 157 ||| Stepping ~*~*~tactically~*~*~ (stealth).
   335 | D:3      | Found a faded altar of an unknown god.
   338 | D:3      | 338 ||| Stepping ~*~*~tactically~*~*~ (stealth).
   340 | D:3      | 340 ||| Stepping ~*~*~tactically~*~*~ (stealth).
   342 | D:3      | 342 ||| Stepping ~*~*~tactically~*~*~ (stealth).
   343 | D:3      | 343 ||| Stepping ~*~*~tactically~*~*~ (stealth).
   346 | D:3      | 346 ||| Stepping ~*~*~tactically~*~*~ (stealth).
   348 | D:3      | 348 ||| Stepping ~*~*~tactically~*~*~ (stealth).
   355 | D:3      | 355 ||| Stepping ~*~*~tactically~*~*~ (stealth).
   357 | D:3      | 357 ||| Stepping ~*~*~tactically~*~*~ (stealth).
   478 | D:3      | Noticed Robin
   487 | D:3      | Reached skill level 3 in Axes
   496 | D:3      | Killed Robin
   497 | D:3      | Reached XP level 3. HP: 19/23 MP: 3/3
   513 | D:3      | HP: 5/23 [goblin/+0 dagger[Robin] (1)]
   566 | D:3      | HP: 4/23 [frozen (5)]
   566 | D:3      | Frozen to death by an endoplasm

Levels and vault maps discovered:
D:3:      layout_loops_cross, shapermc_ecumenical_altar_ellora, uniq_robin
D:4:      layout_cave_pods, grunt_temple_overflow_champion_of_chaos,
          nicolae_qazlal_style_of_elements, serial_shops,
          nicolae_shop_statue_plus, saegor_snake_ambush
D:5:      layout_basic, portal_sewer_entry_a

Skill      XL: |  1  2 |
---------------+-------+-----
Axes           | 2 3 |  3.4
Fighting       | |  3.2
Dodging        | |  1.5
Stealth        | |  5.4

Action                   || total
-------------------------++-------
Melee: Hand axe          ||    70
       Punch             ||     1
Armor: Leather armour    ||    25
Dodge: Dodged            ||    46

Table legend:
 A = Non-vault XP
 B = Vault XP
 C = Vault XP percentage of total XP
 D = Non-vault monster count
 E = Vault monster count
 F = Vault count percentage of total count
                 A         B        C        D         E       F
            +---------+---------+-------+---------+---------+-------
      Total |      24 |      32 |  57.1 |       8 |      10 |  55.6
            +---------+---------+-------+---------+---------+-------
        D:3 |      20 |      32 |  61.5 |       6 |      10 |  62.5
        D:4 |       4 |       0 |   0.0 |       2 |       0 |   0.0
            +---------+---------+-------+---------+---------+-------
